[Event "*** Titled Tuesday Blitz"]
[Site "Chess.com"]
[Date "2021.03.09"]
[Round "7"]
[White "c_r_e_e_p_e_r"]
[Black "AurumO"]
[Result "1/2-1/2"]
[WhiteElo "2369"]
[BlackElo "1994"]
[TimeControl "180+1"]
[EndTime "11:23:10 PST"]
[Termination "Game drawn - insufficient material"]

1. e4 c5 2. Nf3 Nc6 3. d4 cxd4 4. Nxd4 g6 5. c4 Nf6 6. Nc3 Nxd4 7. Qxd4 d6 8. Be2 Bg7 9. O-O O-O 10. f3 a5 11.
Qd1 a4 12. Nxa4 Qa5 13. Nc3 Be6 14. Kh1 Rfc8 15. Nd5 Bxd5 16. exd5 Nd7 17. f4 Nb6 18. Bd2 Qa7 19. Qb3 Na4 20. Be3 Qa5 21. Bg4 Rc7 22.
f5 Bxb2 23. Rab1 Bf6 24. fxg6 hxg6 25. Qd3 Qc3 26. Qe4 Rxc4 27. Qf3 Rxg4 28. Qxg4 Qxe3 29.
Rxb7 Nc5 30. Rc7 Rxa2 31. Rc8+ Kg7 32. Rb8 Ne4 33. h4 Nf2+ 34. Rxf2 Qxf2 35. h5 Qh4+ 36. Qxh4 Bxh4 37. hxg6 Kxg6 38. Rg8+ Kf6 39. Kh2 Rd2 40. Kh3 Bg5 41. Kg4 Rxd5 42. Kh5 Bf4+ 43. Kg4 Bd2 44. Ra8 Rg5+ 45. Kf3 Bc3 46. Ra3 Be5 47. Kf2 d5 48. Ra6+ e6 49. Ra7 d4 50. Ra8 d3 51.
Rd8 Rg3 52. Rd7 Kg6 53. Rd8 Kf6 54. Rd7 Rg5 55. Rxd3 Rf5+ 56. Ke2 Kg6 57. Rh3 Rg5 58. Kf2 Bd4+ 59. Kf1 f5 60. Rd3 e5 61. Ra3 f4 62.
Ra6+ Kf5 63. Ra8 Ke4 64. Rf8 Rg3 65. Re8 f3 66. gxf3+ Rxf3+ 67. Ke2 Rf2+ 68. Ke1 Kd3 69. Rd8 Rh2 70. Kf1 e4 71. Re8 e3 72. Kg1 e2+ 73. Kxh2 Kd2 74. Rxe2+ Kxe2 1/2-1/2

[Event "*** Titled Tuesday Blitz"]
[Site "Chess.com"]
[Date "2021.03.09"]
[Round "7"]
[White "Elshan1985"]
[Black "Thjop"]
[Result "1/2-1/2"]
[WhiteElo "2881"]
[BlackElo "2674"]
[TimeControl "180+1"]
[EndTime "11:23:11 PST"]
[Termination "Game drawn - insufficient material"]

1. d4 Nf6 2. c4 g6 3. Nc3 Bg7 4. e4 d6 5. Bd3 O-O 6. Nge2 e5 7. d5 a5 8. Ng3 Na6 9. Bc2 h5 10. Bg5 Qe8 11. Qd2 Nh7 12. Bh6 h4 13. Nf1 f5 14. g3 h3 15. Bxg7 Kxg7 16. exf5 gxf5 17. O-O-O Qh5 18. f4 Nf6 19. Ne3 e4 20. Rde1 Bd7 21. Bd1 Qg6 22. Rhg1 Nc5 23. Be2 Rg8 24. Qd4 Kf7 25.
Ref1 Rae8 26. Ncd1 Ke7 27. Nf2 Ng4 28. Nfxg4 fxg4 29. f5 Qf6 30. Qxf6+ Kxf6 31. Nxg4+ Kg5 32. Ne3 Re5 33.
Kd2 c6 34. dxc6 bxc6 35. g4 d5 36. cxd5 cxd5 37. Nc2 Rb8 38. b3 a4 39. b4 e3+ 40. Kc3 Nb7 41. Rg3 Rc8+ 42. Kb2 Rce8 43. Rxh3 a3+ 44. Kxa3 Rc8 45. Rh5+ Kf6 46. g5+ Kg7 47.
f6+ Kg8 48. Nd4 Nd6 49. Kb2 Re4 50. g6 Rxd4 51. f7+ Kg7 52. Rh7+ Kxg6 53. f8=N+ Rxf8 54. Rxd7 Rd2+ 55. Kc3 Ne4+ 56. Kb3 Rxf1 57. Bxf1 d4 58. Kc4 Nf6 59. Bd3+ Kg5 60. Rxd4 Ng4 61. h4+ Kxh4 62. b5 Kg3 63. b6 Nf2 64. a4 Nxd3 65. Rxd3 Rxd3 66.
Kxd3 Kf2 67. b7 e2 68. b8=Q e1=Q 69. Qh2+ Kf3 70. Qh3+ Kf4 71. Qh6+ Kf5 72. Qf8+ Kg6 73. Qd6+ Kf7 74. Qd4 Ke7 75. Kc4 Qa5 76. Qe4+ Kd7 77. Qh7+ Kc8 78. Qg8+ Kb7 79. Kb3 Qb6+ 80. Ka3 Qc5+ 81.
Ka2 Qb4 82. Qf7+ Kb6 83. Qe6+ Ka5 84. Qb3 Qxa4+ 85. Qxa4+ Kxa4 1/2-1/2

[Event "*** Titled Tuesday Blitz"]
[Site "Chess.com"]
[Date "2021.03.09"]
[Round "7"]
[White "Sibelephant"]
[Black "rpragchess"]
[Result "1-0"]
[WhiteElo "3102"]
[BlackElo "2926"]
[TimeControl "180+1"]
[EndTime "11:23:17 PST"]
[Termination "Sibelephant won by resignation"]

1. c4 Nf6 2. Nc3 g6 3. g3 Bg7 4. Bg2 O-O 5. e4 d6 6. Nge2 c5 7. O-O Nc6 8. d3 Bg4 9. f3 Be6 10. Be3 Nd7 11. Qd2 Rb8 12. Bh6 a6 13. Bxg7 Kxg7 14.
h3 b5 15. b3 f6 16. f4 Bf7 17. e5 Nd4 18. exf6+ exf6 19. Nxd4 cxd4 20. Ne2 Qb6 21. cxb5 axb5 22. Qb4 Rfe8 23. Rf2 Re3 24. Qxd4 Qxd4 25. Nxd4 Rxd3 26. Nf3 b4 27. Bf1 Rc3 28. Re1 Nc5 29. Kh2 Rb7 30. Nd4 Nd3 31. Bxd3 Rxd3 32. Ne6+ Bxe6 33. Rxe6 d5 34. Rfe2 d4 35. Rd6 Rc7 36. g4 Kf7 37. Kg2 Rd1 38. f5 gxf5 39. gxf5 Kg7 40. Kf3 Rf1+ 41. Ke4 Rd1 42. Kd5 d3 43. Rg2+ Kf7 44. Ke4 Re7+ 45. Kd5 d2 46. Rf2 Re5+ 47. Kd4 Ke7 48. Rd5 Rxd5+ 49. Kxd5 Kd7 50. Kd4 Rh1 51. Rxd2 Rxh3 52. Kc4+ Kc6 53. Kxb4 Rh4+ 54. Kc3 h5 55. Re2 Kd5 56. Re6 Rh3+ 57. Kb4 Rh4+ 58. Kb5 Rf4 59. Rxf6 Ke5 60. Rh6 Rxf5 61. a4 Kd4+ 62. Kb4 Kd3 63. a5 Rf4+ 64. Kb5 Kc3 65. Rxh5 Kxb3 66. Rh3+ Kc2 67. Rh5 Rf5+ 68. Rxf5 1-0

[Event "*** Titled Tuesday Blitz"]
[Site "Chess.com"]
[Date "2021.03.09"]
[Round "7"]
[White "Deepweb2020"]
[Black "SimplyDevina"]
[Result "1-0"]
[WhiteElo "2474"]
[BlackElo "2209"]
[TimeControl "180+1"]
[EndTime "11:23:17 PST"]
[Termination "Deepweb2020 won on time"]

1. d4 d5 2. c4 e6 3. Nf3 Be7 4. g3 Nf6 5. Bg2 O-O 6. O-O Nbd7 7. Qc2 c6 8. Nbd2 Qc7 9. e4 dxe4 10. Nxe4 Nxe4 11.
Qxe4 Nf6 12. Qc2 c5 13. Bf4 Qb6 14. dxc5 Bxc5 15. a3 a5 16. Ne5 h6 17. Rad1 Bd4 18. Nd3 Nh5 19. c5 Qa6 20. Be5 Bxe5 21. Nxe5 Nf6 22.
c6 bxc6 23. Nxc6 Bb7 24. Rd6 Bxc6 25. Rxc6 Rac8 26. Rc1 Rxc6 27. Qxc6 Qxc6 28. Rxc6 Rb8 29.
Rc2 Kf8 30. a4 Rb4 31. Bc6 Ke7 32. Bb5 Nd5 33. Kf1 Kf6 34. Ke2 Nb6 35. Rc7 Nxa4 36.
Be8 Rxb2+ 37. Kf3 Nb6 38. Rxf7+ Ke5 39. Rxg7 a4 40. Ra7 Ra2 41. Ke3 a3 42. Ra6 Nd5+ 43. Kf3 Ra1 44. Bb5 Nb4 45. Ra5 a2 46. Bc4+ Kd4 47. Bxe6 Kc3 48. Ra3+ Kb2 49. Ra8 Nc2 50. Rb8+ Kc1 51. Rc8 Kb2 52. Ra8 Nb4 53. Kg4 Kc3 54. h4 Kb2 55. f4 Rc1 56. Bxa2 Nxa2 57. Ra6 Nb4 58. Rxh6 Nd3 59. Rb6+ Ka3 60. Rb8 Nf2+ 61. Kf5 Rc5+ 62. Ke6 Ne4 63. f5 Nxg3 64. f6 Rc4 65. f7 Re4+ 66. Kd5 Rxh4 67. f8=Q+ 1-0

[Event "*** Titled Tuesday Blitz"]
[Site "Chess.com"]
[Date "2021.03.09"]
[Round "7"]
[White "Vsevolod_Ovchinnikov"]
[Black "mbojan"]
[Result "1-0"]
[WhiteElo "2522"]
[BlackElo "2619"]
[TimeControl "180+1"]
[EndTime "11:23:19 PST"]
[Termination "Vsevolod_Ovchinnikov won by resignation"]

1. d4 g6 2. c4 Bg7 3. Nf3 d6 4. Nc3 Nc6 5. h3 e5 6. d5 Nce7 7. e4 h5 8. Bd3 Bh6 9. Be3 Bxe3 10. fxe3 Nh6 11. b4 Kf8 12. c5 Kg7 13. O-O f6 14.
Nd2 Nf7 15. Qf3 Ng8 16. Nc4 Ng5 17. Qe2 Nh6 18. Rac1 h4 19. Rf2 Rf8 20. Bb1 Qe7 21. cxd6 cxd6 22. Nb5 Nhf7 23. Rcf1 Nh7 24. a4 Bd7 25.
Bd3 Bxb5 26. axb5 b6 27. Ra1 Rac8 28. Qf1 Nhg5 29. Rc2 Rc7 30. Na3 Rxc2 31. Nxc2 Rc8 32.
Qe1 Qc7 33. Ra3 Rh8 34. Rc3 Qd7 35. Rc6 Nxh3+ 36. gxh3 Qxh3 37. Qf2 Rh5 38. Bf1 Rg5+ 39. Bg2 Qg4 40. Kh2 h3 41. Bxh3 Qd1 42. Ne1 Rh5 43. Nf3 Qb1 44. Rc7 Qxe4 45. Qg3 Qxe3 46. Kg2 Qe2+ 47. Kg1 Qd1+ 48. Bf1 Qxd5 49. Re7 e4 50.
Qf4 exf3 51. Kf2 Qg5 52. Qxg5 Rxg5 53. Bc4 Re5 54. Rxf7+ Kh6 55. Rxa7 Re4 56. Bd5 Rxb4 57. Bc6 Kg5 58. Kxf3 Rb3+ 59. Ke2 f5 60. Rb7 Kf4 61. Rxb6 Rb2+ 62. Kd3 g5 63. Be8 g4 64. Rxd6 g3 65.
Rg6 Kf3 66. Bc6+ Kf2 67. Rf6 Rb3+ 68. Kc4 Rb2 69. Rxf5+ Ke1 70. Rg5 Kf2 71. Kc5 Rc2+ 72. Kb6 Rb2 73. Kc7 Rc2 74. b6 Rb2 1-0

[Event "*** Titled Tuesday Blitz"]
[Site "Chess.com"]
[Date "2021.03.09"]
[Round "7"]
[White "enriquetejedor"]
[Black "GM_Crest"]
[Result "1-0"]
[WhiteElo "2556"]
[BlackElo "2751"]
[TimeControl "180+1"]
[EndTime "11:23:20 PST"]
[Termination "enriquetejedor won on time"]

1. e4 c5 2. Nf3 d6 3. d4 Nf6 4.
Nc3 cxd4 5. Nxd4 a6 6. Nb3 e6 7. g4 b5 8. g5 Nfd7 9. Bg2 Bb7 10.
O-O Nb6 11. Na5 Qc7 12. Bf4 Nc6 13. Nxb7 Qxb7 14. Bxd6 Rd8 15. e5 Nc4 16. Qf3 Rc8 17. Bxf8 Rxf8 18. Qh3 Qc7 19. f4 g6 20. Ne4 Ke7 21.
b3 Qb6+ 22. Rf2 Ne3 23. Nd6 Rcd8 24. Re1 Nxg2 25. Kxg2 Nb4 26. c4 bxc4 27. bxc4 Qc6+ 28. Qf3 Qxf3+ 29. Rxf3 Rd7 30. Rb1 Nc2 31. Rc3 Nd4 32.
c5 Rc7 33. Rc4 Nc6 34. Rb6 Ra8 35. Rc1 a5 36. h4 Nb4 37. a3 Nd3 38. Rc3 Nxf4+ 39.
Kh2 Nd5 40. Rf3 Kf8 41. Rb5 a4 42. Rf2 Kg8 43. Kg2 Nc3 44. Rbb2 Nd1 45. Rbc2 Nxf2 46. Kxf2 Ra5 47. Ne4 Kf8 48. Ke2 Ke7 49. Kd3 Kd7 50. Kc4 Kc6 51. Rd2 Rd7 52. Rb2 Ra6 53. Nd6 Rc7 54. Rb5 Kd7 55. Rb8 Ra5 56. Ne4 Ke7 57. Rh8 Raa7 58. Rxh7 Kf8 59. Rh8+ Kg7 60. Rb8 Rab7 61.
Ra8 Ra7 62. Rb8 Rcb7 63. Rxb7 Rxb7 64. c6 Rb6 65. Kc5 Rb1 66. c7 Rc1+ 67. Kb6 Kf8 68. Nd6 Ke7 69. c8=Q Rxc8 70. Nxc8+ Kd7 71. Nd6 1-0

[Event "*** Titled Tuesday Blitz"]
[Site "Chess.com"]
[Date "2021.03.09"]
[Round "7"]
[White "Homyakova_Elena"]
[Black "A-S-00"]
[Result "1/2-1/2"]
[WhiteElo "2271"]
[BlackElo "2389"]
[TimeControl "180+1"]
[EndTime "11:23:21 PST"]
[Termination "Game drawn by repetition"]

1. e4 c5 2. Nf3 Nc6 3. d4 cxd4 4. Nxd4 Nf6 5. Nc3 e6 6. Ndb5 Bb4 7. a3 Bxc3+ 8. Nxc3 d5 9. exd5 exd5 10. Bd3 O-O 11. O-O Bg4 12. f3 Bh5 13. Ne2 Ne5 14. Ng3 Bg6 15.
Bxg6 hxg6 16. Bg5 Qb6+ 17. Kh1 Rad8 18. Re1 Nc4 19. b3 Nd6 20. Bxf6 gxf6 21. Qxd5 Nf5 22.
Qe4 Nxg3+ 23. hxg3 Rd4 24. Qe3 Qd6 25. f4 Kg7 26.
Kg1 Rd8 27. Re2 a6 28. Rae1 Qxa3 29. Qe7 Qxe7 30. Rxe7 R8d7 31. Rxd7 Rxd7 32. Re2 Rc7 33. Kf2 b5 34. Rd2 f5 35. Ke2 Rc6 36. Kd1 Kf6 37. Rd7 Ke6 38. Ra7 Kf6 39. Kd2 Ke6 40. Kd3 b4 41.
Rb7 a5 42. Rb5 Rc3+ 43. Kd2 Rxg3 44. Rxa5 Rxg2+ 45. Kd3 Rg3+ 46. Kd2 g5 47. fxg5 Rxg5 48. Rb5 Rg4 49. Ke3 Re4+ 50. Kf3 Kf6 51. Rb6+ Kg5 52. Rb7 Kg6 53. Rb6+ f6 54. Rb8 Rd4 55. Rg8+ Kf7 56.
Rb8 Rh4 57. Rb5 Rh3+ 58. Kf4 Rc3 59. Rxb4 Rxc2 60. Kxf5 Rc5+ 61. Kf4 Kg6 62. Rb8 Rc3 63. b4 Rb3 64. b5 Rb4+ 65. Kf3 f5 66. b6 Kg7 67. b7 f4 68. Kf2 Kh7 69. Kf3 Kg7 70. Kf2 Kh7 71. Kf3 Kg7 1/2-1/2

[Event "*** Titled Tuesday Blitz"]
[Site "Chess.com"]
[Date "2021.03.09"]
[Round "7"]
[White "marianokar"]
[Black "OlifantCZ"]
[Result "1-0"]
[WhiteElo "2484"]
[BlackElo "2295"]
[TimeControl "180+1"]
[EndTime "11:23:23 PST"]
[Termination "marianokar won on time"]

1. e4 e6 2. d4 d5 3. Nc3 Bb4 4. e5 c5 5. Bd2 Ne7 6. Nb5 Bxd2+ 7.
Qxd2 O-O 8. Nf3 cxd4 9. Nbxd4 Nbc6 10. Bd3 Bd7 11. O-O-O Qb6 12. Kb1 Nxd4 13. Nxd4 Nc6 14. Nf3 Nb4 15. h4 Nxd3 16. Qxd3 Bb5 17. Qd4 Qxd4 18. Nxd4 Bd7 19. Rhe1 Rfc8 20. f4 Rc5 21. Re3 Rac8 22. Ra3 a6 23. g3 Kf8 24. h5 h6 25. Rf3 Ke7 26. Rdf1 Bb5 27. R1f2 Be8 28. c3 f5 29. exf6+ gxf6 30. Re3 Bf7 31. Rfe2 R5c6 32. Nxc6+ Rxc6 33. g4 Rc4 34. Rf2 Bg8 35. b3 Rc6 36.
Kb2 Bh7 37. Rg2 Be4 38. Rgg3 Rc8 39. g5 hxg5 40. fxg5 fxg5 41. Rxg5 Kf6 42. Rg1 Rh8 43. Rh3 Bf5 44. Rh2 Rh6 45. Kc1 e5 46. Kd2 d4 47.
cxd4 exd4 48. Rg8 Ke5 49. b4 Rc6 50. Re8+ Kf6 51. Rf8+ Kg5 52. Rxf5+ Kxf5 53. Kd3 Rh6 54. Kxd4 Ke6 55. Kc5 Kd7 56. a4 Kc7 57. a5 Kd7 58. Rh4 Kc7 59. Kd5 Kd7 60. Ke5 Ke7 61. Kf5 Kf7 62.
Kg5 Rd6 63. h6 Kg8 64. h7+ Kh8 65. Kf5 Rd2 66. Ke6 Rd3 67. Ke7 Rd2 68. Rh6 Rd4 69. Rb6 Kxh7 70. Rxb7 Kg6 71. Rb6+ Kf5 72. Ke8 1-0

[Event "*** Titled Tuesday Blitz"]
[Site "Chess.com"]
[Date "2021.03.09"]
[Round "7"]
[White "DonBroca"]
[Black "thechesscorner64"]
[Result "1-0"]
[WhiteElo "2163"]
[BlackElo "2354"]
[TimeControl "180+1"]
[EndTime "11:23:29 PST"]
[Termination "DonBroca won by checkmate"]

1. e4 c5 2. Nf3 e6 3. d4 cxd4 4. Nxd4 a6 5. c4 Nc6 6. Nc3 Bc5 7. Nb3 Ba7 8. Be2 Nf6 9. O-O Qc7 10. Bg5 d6 11.
Rc1 Qe7 12. Re1 h6 13. Bh4 g5 14. Bg3 Bd7 15. Qxd6 Qxd6 16. Bxd6 Nd4 17. Be5 Nxe2+ 18. Rxe2 Ke7 19. Rd2 Bc6 20. Rcd1 Rhc8 21. Bxf6+ Kxf6 22. Nd4 Be8 23. b3 b5 24. e5+ Kxe5 25. Re2+ Kf6 26. Ne4+ Kg7 27. Nd6 Rd8 28. cxb5 axb5 29. Nxe8+ Rxe8 30. Nxb5 Bc5 31. a4 Red8 32. Red2 Rxd2 33.
Rxd2 Bb4 34. Rc2 Rd8 35. Kf1 Rd3 36. Rb2 f5 37. Ke2 Rd7 38. Rc2 Kf6 39. Nc3 Ke5 40. Na2 Rb7 41. Nxb4 Rxb4 42. Rc3 f4 43. f3 Kd5 44. Kd2 e5 45. Kc2 e4 46. fxe4+ Ke5 47.
Kb2 g4 48. Kc2 Kxe4 49. Kd2 f3 50. gxf3+ gxf3 51. Ke1 Rb8 52. Kf2 Rf8 53. Rc4+ Kd3 54. Rh4 Kc3 55. b4 h5 56. a5 Ra8 57. Kxf3 Rf8+ 58. Rf4 Rd8 59. Kg3 Rd3+ 60. Kh4 Rd2 61. h3 Rh2 62. a6 Ra2 63. b5 Rb2 64. Rf5 Kd4 65. Kxh5 Ke4 66. Rg5 Ra2 67. h4 Ra3 68. Rc5 Kd4 69. Rg5 Ke4 70. Kg6 Kf4 71. h5 Rc3 72. Rd5 Rc8 73. h6 Rg8+ 74. Kf7 Rh8 75.
Kg7 Re8 76. h7 Re7+ 77. Kh6 Ke4 78. h8=Q Kxd5 79. Qd8+ Ke6 80. Qxe7+ Kxe7 81. a7 Kd7 82. a8=Q Kc7 83. Qc6+ Kb8 84. Qf6 Ka7 85. Kg5 Kb8 86. Kf5 Kb7 87. Ke5 Kb8 88. Kd5 Kb7 89. Kc5 Kb8 90.
Kc6 Ka7 91. Qe7+ Ka8 92. Qb7# 1-0

[Event "*** Titled Tuesday Blitz"]
[Site "Chess.com"]
[Date "2021.03.09"]
[Round "7"]
[White "ValeriyGrinev"]
[Black "TigrVShlyape"]
[Result "0-1"]
[WhiteElo "2562"]
[BlackElo "2837"]
[TimeControl "180+1"]
[EndTime "11:23:32 PST"]
[Termination "TigrVShlyape won by resignation"]

1. c4 e5 2. g3 Nc6 3. Bg2 Bc5 4. Nc3 a6 5. e3 Ba7 6. Nge2 Nge7 7. O-O O-O 8. b3 d6 9. Bb2 Be6 10. Nd5 Rb8 11.
a4 f6 12. Nec3 Kh8 13. b4 Bg8 14. b5 Na5 15. d3 c6 16. Nxe7 Qxe7 17. bxa6 bxa6 18.
Ba3 Qc7 19. Ne4 Rfd8 20. Qc2 Rb7 21. Rab1 d5 22. Rxb7 Qxb7 23. Nc5 Bxc5 24. Bxc5 dxc4 25. dxc4 Nxc4 26. Rb1 Qd7 27. Qc3 a5 28. Rc1 Qe6 29. Bf1 Nd2 30. Bg2 Nb3 31. Rb1 e4 32. Bb6 Rd3 33.
Qc2 Qd5 34. Bd4 Nxd4 35. exd4 Qxd4 36. Qxc6 e3 37. fxe3 Rxe3 38. Kh1 Qe5 39. Qc1 h5 40. Qf1 h4 41. gxh4 Bd5 42. Bxd5 Qxd5+ 43. Qg2 Qxg2+ 44. Kxg2 Re4 45. Rb8+ Kh7 46. h5 Rxa4 47. Rb5 Ra3 48. h4 Kh6 49. Kh2 Ra4 50. Kg3 Ra3+ 51. Kg4 a4 52. Rb8 Kh7 53. Ra8 Ra2 54. Kf5 Ra1 55. Kg4 a3 56. Kg3 a2 57. Kg2 Rc1 58. Rxa2 Rc5 59.
Ra4 Rxh5 60. Kg3 Re5 61. Rb4 Kg6 62. Rg4+ Kh6 63. Rb4 Rc5 64. Rg4 g6 65. Rf4 f5 66.
Kh3 Kh5 67. Rb4 Rc3+ 68. Kh2 Re3 69. Rc4 Re4 70. Rc8 Rxh4+ 71. Kg3 Rg4+ 72. Kf3 Kg5 73.
Rh8 Rf4+ 74. Kg3 Rg4+ 75. Kf3 Rh4 76. Rg8 Rh3+ 77. Kg2 Rd3 78. Rb8 f4 79. Rf8 Kg4 0-1

[Event "*** Titled Tuesday Blitz"]
[Site "Chess.com"]
[Date "2021.03.09"]
[Round "7"]
[White "MITerryble"]
[Black "Philosopherrr"]
[Result "1-0"]
[WhiteElo "2944"]
[BlackElo "2534"]
[TimeControl "180+1"]
[EndTime "11:23:35 PST"]
[Termination "MITerryble won by resignation"]

1. e4 e5 2. Nf3 Nc6 3. c3 Nf6 4. d4 d6 5. Bb5 Bd7 6. O-O Be7 7.
d5 Nb8 8. Bd3 O-O 9. h3 c6 10.
c4 Na6 11. Nc3 Nc5 12. Bc2 a5 13. b3 cxd5 14. exd5 Rc8 15. Be3 Ne8 16. g4 g6 17.
Kh2 Ng7 18. Rg1 Kh8 19. Qd2 f5 20. g5 f4 21. Bxc5 Rxc5 22. Ne4 Rc8 23. c5 Bf5 24. cxd6 Bxd6 25. Rac1 Ba3 26. Rcd1 Qd7 27. Nxe5 Qe8 28. Nc4 Bb4 29. Qd4 Bxe4 30. Qxe4 Qd8 31.
a4 f3 32. Rd3 Bd6+ 33. Kh1 Rf4 34. Qe1 Qd7 35. Qf1 Rcxc4 36. bxc4 Rxc4 37. Bd1 Nf5 38. Rxf3 Rc1 39. Rd3 Bc7 40. Qe2 Qd6 41. Rg2 Kg7 42. Qb2+ Qe5 43. Qxc1 Qe1+ 44. Rg1 Qxf2 45. Qc3+ Kg8 46.
Qd2 Qc5 47. d6 Bxd6 48. Bb3+ Kf8 49. Rxd6 Nxd6 50. Rf1+ Nf5 51. Bd5 Kg7 52. Rf3 Qd6 53.
Qc3+ Kf8 54. Qd3 Qe5 55. Rf1 Kg7 56. Kg1 h5 57. Rf2 Nd4 58. Qd2 Nf5 59. Qb2 Nd4 60.
Bg2 b6 61. Bf1 Nf3+ 62. Kg2 Nd4 63. Kh1 Qe4+ 64. Bg2 Qe1+ 65. Kh2 Qe5+ 66. Kg1 Qe1+ 67. Bf1 Qe3 68. Qd2 Qg3+ 69. Kh1 Qe5 70. Qd3 Nc6 71. Qd7+ Ne7 72. Qd2 Qxg5 73. Qxg5 Nf5 74. Qg2 Nh4 75. Qh2 Kh6 76. Kg1 Nf3+ 77. Rxf3 g5 1-0

[Event "*** Titled Tuesday Blitz"]
[Site "Chess.com"]
[Date "2021.03.09"]
[Round "7"]
[White "seorobert1971"]
[Black "Sam_ChessMood"]
[Result "1/2-1/2"]
[WhiteElo "2742"]
[BlackElo "2882"]
[TimeControl "180+1"]
[EndTime "11:23:45 PST"]
[Termination "Game drawn by repetition"]

1. e4 e5 2. Nc3 Nf6 3. Nf3 Nc6 4. g3 d5 5. exd5 Nxd5 6. Bg2 Nxc3 7. bxc3 Bd6 8. O-O O-O 9. d3 Bg4 10. Rb1 Rb8 11.
Qe1 Bh5 12. Nd2 f5 13. Nc4 f4 14. Qe4 Kh8 15. Nxd6 Qxd6 16. Qa4 Qf6 17. Qe4 Bg6 18. Qc4 f3 19. Bh1 e4 20. dxe4 Ne5 21. Qxc7 Rfc8 22. Qa5 b6 23. Qxa7 Bxe4 24. Bf4 Ra8 25.
Qxb6 Qxb6 26. Rxb6 Nc4 27. Re6 Bd5 28. Re7 Rxa2 29. Be5 Nxe5 30. Rxe5 Ba8 31. Rf5 Rxc2 32. Bxf3 Bxf3 33. Rxf3 R2xc3 34. Rxc3 Rxc3 35. h4 h5 36. Rd1 Kh7 37. Rd6 g6 38. Kg2 Rb3 39. Re6 Kg7 40. Re3 Rb2 41. Kf3 Kf6 42. Re2 Rb3+ 43. Kg2 Ra3 44.
Rb2 Rc3 45. Rb6+ Kf5 46. Rb5+ Kf6 47. Rg5 Rb3 48. Rc5 Ra3 49. Rc2 Rb3 50. f3 Ra3 51. Re2 Rb3 52. Ra2 Rc3 53. Ra6+ Kf5 54. Ra5+ Kf6 55. Ra2 Rb3 56. g4 hxg4 57. fxg4 Rb4 58. Ra6+ Kf7 59. Kf3 Rc4 60. Rd6 Rb4 61. Kg3 Rc4 62.
Rd3 Rb4 63. Rf3+ Kg7 64. Rf4 Rb3+ 65. Rf3 Rb4 66. Rd3 Rc4 67. Rd7+ Kg8 68. Re7 Rb4 69. Kf3 Rc4 70. Re4 Rc5 71. Kf4 g5+ 72. hxg5 Kg7 73.
Re7+ Kg6 74. Re6+ Kf7 75. Rf6+ Kg7 76. Rf5 Rc1 77. Ra5 Rf1+ 78. Kg3 Rg1+ 79. Kf3 Rf1+ 80.
Kg2 Rb1 81. Kg3 Rg1+ 82. Kf3 Rf1+ 83. Kg2 Rb1 84. Ra6 Rb3 85. Re6 Rc3 86. Kf2 Rb3 87. Re3 Rb1 88. Kg3 Kg6 89. Re5 Rg1+ 90. Kf3 Rf1+ 91.
Kg2 Rb1 92. Kg3 Rg1+ 93. Kf3 Rf1+ 94. Kg2 Rb1 95. Rd5 Rc1 96. Re5 Rb1 1/2-1/2

[Event "*** Titled Tuesday Blitz"]
[Site "Chess.com"]
[Date "2021.03.09"]
[Round "7"]
[White "rquery98"]
[Black "szachuspl"]
[Result "1-0"]
[WhiteElo "2643"]
[BlackElo "2516"]
[TimeControl "180+1"]
[EndTime "11:23:45 PST"]
[Termination "rquery98 won by checkmate"]

1. Nf3 Nf6 2. g3 g6 3. b3 Bg7 4.
Bb2 O-O 5. Bg2 d6 6. d4 a5 7. a4 Nc6 8. O-O Bf5 9. Nbd2 Ne4 10. Nh4 Nxd2 11. Qxd2 Bd7 12. e4 e5 13. d5 Ne7 14. f4 f6 15. f5 g5 16. Nf3 Rf7 17. h4 h6 18. hxg5 hxg5 19. Kf2 Bf8 20. Rh1 Rg7 21. Rh6 c6 22. Rah1 cxd5 23. g4 dxe4 24. Ne1 Kf7 25. Qxd6 Nxf5 26. Rxf6+ Qxf6 27. Qxd7+ Be7 28. gxf5 Rd8 29. Qe6+ Qxe6 30. fxe6+ Kxe6 31. Bxe4 g4 32. Nd3 Bg5 33. Bxe5 Rf7+ 34. Kg3 Rxd3+ 35. cxd3 Kxe5 36. Kxg4 Be3 37. Rh5+ Kd4 38. Rxa5 Kc3 39.
Rb5 b6 40. b4 Bd4 41. a5 bxa5 42. bxa5 Be3 43. a6 Rf4+ 44. Kg3 Rf7 45. Rb7 Rxb7 46. axb7 Ba7 47. Kf4 Kd4 48. Kf5 Kc5 49. Ke6 Bb8 50. Kd7 Kb6 51. Kc8 Ka7 52. d4 Bf4 53. Bc6 Bg3 54. d5 Be5 55. Kd7 Kb8 56. Ke6 Bg3 57.
d6 Bh4 58. Kf7 Bg5 59. Ke8 Bh4 60. Kd7 Bg5 61. Ke6 Bh4 62. Kf5 Bd8 63. Kg6 Ka7 64.
Bd5 Kb8 65. Kf5 Bh4 66. Ke6 Bd8 67. Kd7 Bh4 68. Ke8 Bg5 69. d7 Kc7 70. Be4 Bh4 71. Bc6 Bg5 72. Kf7 Bh4 73. Kg6 Bd8 74. Kf5 Kb8 75.
Ke6 Kc7 76. Kd5 Kb8 77. Kd6 Bg5 78. Bd5 Bd8 79. Ke6 Bh4 80. Kf7 Bd8 81. Ke8 Bg5 82.
d8=Q+ Bxd8 83. Kxd8 Ka7 84. Kc7 Ka6 85. b8=Q Ka5 86.
Bc4 Ka4 87. Qb3+ Ka5 88. Qb5# 1-0

[Event "*** Titled Tuesday Blitz"]
[Site "Chess.com"]
[Date "2021.03.09"]
[Round "7"]
[White "LEGENYA1998"]
[Black "MaxLeto"]
[Result "0-1"]
[WhiteElo "2251"]
[BlackElo "2386"]
[TimeControl "180+1"]
[EndTime "11:23:48 PST"]
[Termination "MaxLeto won on time"]

1. e4 c5 2. Nf3 d6 3. Bb5+ Bd7 4.
Bxd7+ Qxd7 5. O-O Nc6 6. Re1 Nf6 7. c3 e6 8. d4 cxd4 9. cxd4 d5 10. Nc3 dxe4 11. Nxe4 Nxe4 12. Rxe4 Be7 13. Bf4 O-O 14. Ne5 Qd5 15. Nxc6 Qxc6 16. Re1 Rfd8 17. Be3 Rd5 18. Qb3 Bf6 19. Rac1 Qd7 20. Red1 b6 21.
h3 Bxd4 22. Bxd4 Rxd4 23. Rxd4 Qxd4 24. Rc7 Qe5 25. Qc4 h6 26. Qc6 Rd8 27. Rc8 Qe1+ 28. Kh2 Rxc8 29. Qxc8+ Kh7 30. f3 Qe5+ 31. Kh1 Qxb2 32.
Qd7 Qa1+ 33. Kh2 Qe5+ 34. Kh1 a5 35. Qxf7 Qa1+ 36. Kh2 Qxa2 37. Qb7 Qd5 38. Qxb6 Kg6 39. Qb1+ Kf7 40. Qa1 Ke7 41. Qxg7+ Kd6 42. Qf8+ Kc6 43. Qc8+ Kd6 44. Qb8+ Kc5 45. Qc7+ Kd4 46. Qf4+ Kc5 47.
Qxh6 Kc6 48. Qc1+ Kb6 49. Qb2+ Ka6 50. h4 a4 51. Qe2+ Ka5 52. Qe1+ Kb5 53. Qb1+ Ka5 54.
Qe1+ Kb5 55. Qc3 Qc5 56. Qb2+ Ka5 57. Qd2+ Qb4 58. Qg5+ Ka6 59. Qe5 Qxh4+ 60. Kg1 Qb4 61. Kh2 Qb3 62. Qd6+ Kb5 63. Qd7+ Kc5 64. Qc7+ Kd4 65.
Qf4+ Kc3 66. Qe3+ Kb2 67. Qd2+ Kb1 68. Qe1+ Ka2 69. Qd2+ Ka3 70. Qd6+ Ka2 71. Qd2+ Kb1 72. Qe1+ Kc2 73. Qe2+ Kc3 74. Qe3+ Kb4 75. Qd4+ Kb5 76. Qe5+ Qd5 77. Qb2+ Ka5 78. Qc3+ Kb5 79. Qb2+ Ka6 80.
Qc2 Qb3 81. Qc6+ Ka5 82. Qc5+ Ka6 83. Qc6+ Ka7 84. Qc7+ Ka8 85. Qc8+ Qb8+ 0-1

[Event "*** Titled Tuesday Blitz"]
[Site "Chess.com"]
[Date "2021.03.09"]
[Round "7"]
[White "elohunter1999"]
[Black "ShahMatKanal"]
[Result "0-1"]
[WhiteElo "2621"]
[BlackElo "2504"]
[TimeControl "180+1"]
[EndTime "11:23:49 PST"]
[Termination "ShahMatKanal won on time"]

1. Nf3 d5 2. g3 Nf6 3. Bg2 e6 4. O-O Be7 5. c4 O-O 6. d4 Nbd7 7. Qc2 c6 8. Nbd2 b6 9. e4 Bb7 10. e5 Ne8 11. cxd5 cxd5 12. Re1 Qc8 13. Qd1 f6 14. exf6 Ndxf6 15. h4 h6 16. Bh3 Nc7 17. Nf1 Ne4 18. N1h2 Qe8 19. Be3 Bb4 20. Re2 Bd6 21. Ng4 Rxf3 22.
Rc1 Ba6 23. Rec2 Rf7 24. Bxh6 Qf8 25. Be3 Ne8 26. Nh6+ gxh6 27. Bxe6 N8f6 28. Qf3 Re8 29. Bxf7+ Qxf7 30. Bxh6 Qh5 31. Qxh5 Nxh5 32. Re1 Nhf6 33. Kg2 Kf7 34. Bg5 Bd3 35. Rc6 Bb5 36. Rc2 Bb4 37. Re3 Ng4 38. Rb3 a5 39. a3 Bc4 40. Rf3+ Kg6 41.
axb4 axb4 42. b3 b5 43. bxc4 dxc4 44. Re2 b3 45. Rf4 c3 46. Rxg4 b2 47. Bc1+ Kf5 48.
Rf4+ Kg6 49. Bxb2 Nd2 50. Bxc3 Rxe2 51. Bxd2 Rxd2 52. Kh3 b4 53. d5 b3 54. Kg2 b2 55.
Rb4 Kf5 56. h5 Kg5 57. Rb5 Kxh5 58. Kf3 Kg6 59. Ke3 Rxd5 60. Rxb2 Re5+ 61. Kf3 Ra5 62. Re2 Kf5 63. Kg2 Ra3 64. Re3 Ra4 65. Kf3 Ra2 66. g4+ Kg5 67. Kg3 Ra4 68. f4+ Kf6 69. g5+ Kf5 70. Re5+ Kg6 71. Kg4 Ra1 72. Re6+ Kg7 73. f5 Rg1+ 74. Kf4 Rf1+ 75. Ke4 Rg1 76. g6 Re1+ 77.
Kd5 Rd1+ 78. Ke5 Re1+ 79. Kd6 Rd1+ 80. Ke7 Rf1 81. Re5 Rf2 82. Ke6 Rf1 83. Rb5 Re1+ 0-1

[Event "*** Titled Tuesday Blitz"]
[Site "Chess.com"]
[Date "2021.03.09"]
[Round "7"]
[White "zverr1"]
[Black "malakismayil"]
[Result "1-0"]
[WhiteElo "2442"]
[BlackElo "2276"]
[TimeControl "180+1"]
[EndTime "11:23:49 PST"]
[Termination "zverr1 won by checkmate"]

1. e4 e5 2. Nf3 Nc6 3. Bc4 Bc5 4. b4 Bxb4 5. c3 Ba5 6. O-O Nf6 7. d4 d6 8. d5 O-O 9. dxc6 bxc6 10. Bg5 h6 11. Bxf6 Qxf6 12. Qd3 Bb6 13. Nbd2 Bg4 14. h3 Bh5 15. a4 a5 16. Bb3 Rad8 17. Nc4 Rfe8 18.
g4 Bg6 19. Nxb6 cxb6 20. Qe3 d5 21. Bc2 d4 22. Qd3 c5 23. c4 h5 24. Kg2 Qf4 25. Nh2 Rd6 26. Rad1 Rf6 27. f3 h4 28. Kh1 Qg3 29. Qe2 Qxh3 30. Qg2 Qg3 31. g5 Rfe6 32. Qxg3 hxg3 33. Ng4 Bh5 34. Kg2 Bxg4 35. fxg4 Rg6 36. Rf5 f6 37. gxf6 gxf6 38. Kxg3 Kf7 39. Rh1 Reg8 40. Bd1 R8g7 41. Bf3 Ke6 42. Rb1 Rb7 43. Rb5 Kd6 44. Kf2 Rh6 45. Bg2 Rg6 46.
Kf3 Kc6 47. Bh3 Rbg7 48. Rb2 Rh6 49. Bg2 Rgh7 50. g5 fxg5 51. Rxg5 Rf6+ 52. Kg3 Rhf7 53. Rxe5 Rg6+ 54. Kh2 Rh7+ 55. Bh3 Rhg7 56. Re6+ Rxe6 57. Bxe6 Rh7+ 58. Kg3 Re7 59. Bd5+ Kc7 60. Kf4 Rg7 61. Ke5 Re7+ 62. Kf6 Rh7 63. e5 Rh6+ 64. Kg5 Rh3 65. Re2 d3 66. Rd2 Re3 67. Kf4 Rh3 68. e6 Kd6 69.
Ke4 Rh4+ 70. Kxd3 Rd4+ 71. Kc3 Rh4 72. Re2 Rh3+ 73. Kc2 Ke7 74. Rf2 Ra3 75. Rf7+ Kd6 76. Rd7+ Ke5 77. e7 Ra2+ 78. Kb3 Ra3+ 79. Kxa3 Kd4 80.
e8=Q Kc3 81. Qe3+ Kc2 82. Be4# 1-0